 Dungeon Crawl Stone Soup version 0.23.2-40-g277498a001 (webtiles) character file.

Game seed: 11736421261624202143

120 OrcJesus the Magician (level 4, 0/21 HPs)
             Began as a Spriggan Enchanter on Aug 28, 2019.
             Was an Initiate of Gozag.
             Killed from afar by an orc wizard (10 damage)
             ... with a puff of flame
             ... on level 3 of the Dungeon.
             The game lasted 00:09:23 (2951 turns).

OrcJesus the Magician (Spriggan Enchanter)          Turns: 2951, Time: 00:09:24

Health: 0/21       AC:  2    Str:  4    XL:     4   Next: 75%
Magic:  0/13       EV: 18    Int: 17    God:    Gozag
Gold:   151        SH:  0    Dex: 16    Spells: 6/15 levels left

rFire    . . .     SeeInvis +   a - +1 dagger
rCold    . . .     Gourm    .   (shield restricted)
rNeg     . . .     Faith    .   b - +0 robe
rPois    .         Spirit   .   (helmet restricted)
rElec    .         Reflect  .   n - scarf {cloud immunity}
rCorr    .         Harm     .   (gloves unavailable)
MR       .....                  (boots unavailable)
Stlth    +++.......             (no amulet)
HPRegen  0.07/turn              (no ring)
MPRegen  0.13/turn              (no ring)

@: very quick
A: very small, unfitting armour, see invisible, herbivore, speed 3, slow
metabolism 2
a: Potion Petition, Call Merchant, Bribe Branch, Renounce Religion


You were on level 3 of the Dungeon.
You worshipped Gozag.
Gozag was aware of your devotion.
You were not hungry.

You visited 1 branch of the dungeon, and saw 3 of its levels.

You collected 274 gold pieces.
You spent 90 gold pieces at shops.
You paid 33 gold pieces to Gozag.

Inventory:

Hand Weapons
 a - a +1 dagger (weapon)
Armour
 b - a +0 robe (worn)
 n - a scarf of cloud immunity (worn)
Jewellery
 c - an uncursed ring of fire
Scrolls
 h - 3 scrolls of amnesia {unknown}
 j - 2 scrolls of fear {unknown}
 k - a scroll of remove curse {unknown}
 l - a scroll of enchant armour {unknown}
Potions
 e - a potion of degeneration {unknown}
 f - a potion of invisibility {unknown}
 g - 2 potions of curing
 i - a potion of lignification {unknown}
 m - a potion of flight {unknown}
Comestibles
 d - 7 rations


   Skills:
 - Level 1.1 Short Blades
 - Level 3.0 Dodging
 - Level 4.4 Stealth
 - Level 6.0 Spellcasting
 + Level 3.7 Hexes
 * Level 0.5 Ice Magic


You had 6 spell levels left.
You knew the following spells:

 Your Spells              Type           Power        Failure   Level  Hunger
a - Ensorcelled Hibernat  Hex/Ice        ##....       9%          2    None
c - Confuse               Hex            ###.....     9%          3    ##.....
z - Dazzling Spray        Conj/Hex       ##....       19%         3    ##.....
A - Corona                Hex            ###....      2%          1    None

Your spell library contained the following spells:

 Spells                   Type           Power        Failure   Level  Hunger
 Tukima's Dance           Hex            ###.....     9%          3    ##.....


Dungeon Overview and Level Annotations

Branches:
Dungeon (3/15)

Altars:
Ashenzari
Cheibriados
Gozag
Nemelex Xobeh
Qazlal
Sif Muna
Uskayaw
Zin
The Shining One


Innate Abilities, Weirdness & Mutations

You are very small and have problems with some larger weapons.
You are too small for most types of armour.
You have supernaturally acute eyesight. (SInv)
You are a herbivore.
You cover ground extremely quickly.
You need to consume almost no food.


Message History

The orc wizard is moderately wounded.
The orc wizard casts a spell at you.
You easily resist.
The quokka twitches its whiskers.
You closely miss the orc wizard.
The orc wizard is moderately wounded.
The orc wizard barely misses you.
You hit the orc wizard.
The orc wizard is heavily wounded.
The orc wizard misses you.
Casting: Ensorcelled Hibernation (safe; 9% risk of failure)
Confirm with . or Enter, or press ? or * to list all spells.
Aiming: Ensorcelled Hibernation (safe; 9% risk of failure)
Press: ? - help, Shift-Dir - straight line, f/p - orc wizard
Aim: an orc wizard, wielding a +0 dagger and wearing a +0 robe (heavily wounded, chance to defeat MR: 43%)
The orc wizard resists with some effort.
The orc wizard casts a spell at you. The puff of flame hits you!
You die...
Your body crumbles into a pile of gold.

.....(................#
#.#....
############.#####..###
#.#..## #.# #..#
#...... #.# #..#
###..#. ######.#####..#
#..#. #..........(#..#
#..#. #.###.#####.#...
#..#. #. #.#.## #..#. .
#@#.# #..#. .. #o#.#
#..#. .. #o..# >....
... #$### #.....
..........# #..##.
...........# $ #..
.######.#.$# ..#
#.#.... ..... $
..###### .....


You could see an orc wizard and an orc.

Vanquished Creatures
  A hound (D:2)
  3 adders
  A worm (D:2)
  2 dart slugs (D:2)
  2 leopard geckos
  7 orcs (D:3)
  3 giant cockroaches
  8 goblins
  3 hobgoblins
  4 jackals
  5 bats
  2 frilled lizards (D:1)
  2 kobolds
  7 rats
50 creatures vanquished.

Notes
Turn   | Place    | Note
-------+----------+-------------------------------------------
     0 | D:1      | OrcJesus the Spriggan Enchanter began the quest for the
                  | Orb.
     0 | D:1      | Reached XP level 1. HP: 9/9 MP: 5/5
    65 | D:1      | Reached skill level 3 in Spellcasting
   207 | D:1      | Reached XP level 2. HP: 10/13 MP: 5/7
   248 | D:1      | Learned a level 2 spell: Ensorcelled Hibernation
   860 | D:1      | Reached skill level 4 in Spellcasting
  1301 | D:2      | Found a snail-covered altar of Cheibriados.
  1685 | D:2      | Found a glowing golden altar of the Shining One.
  1688 | D:2      | Found a shattered altar of Ashenzari.
  1694 | D:2      | Found an opulent altar of Gozag.
  1698 | D:2      | Became a worshipper of Gozag Ym Sagoz the Greedy
  1726 | D:2      | Reached XP level 3. HP: 16/16 MP: 9/9
  1769 | D:2      | Reached skill level 5 in Spellcasting
  1879 | D:2      | Reached XP level 4. HP: 21/21 MP: 4/12
  1935 | D:2      | Found Zin's Purification Station.
  1940 | D:2      | Found a glowing silver altar of Zin.
  1943 | D:2      | Bought a potion of curing for 90 gold pieces
  1969 | D:2      | Learned a level 3 spell: Confuse
  1973 | D:2      | Learned a level 3 spell: Dazzling Spray
  2082 | D:2      | Found a sparkling altar of Nemelex Xobeh.
  2082 | D:2      | Found a hide-covered altar of Uskayaw.
  2082 | D:2      | Found a deep blue altar of Sif Muna.
  2392 | D:2      | Noticed an earth elemental
  2393 | D:2      | Found a stormy altar of Qazlal.
  2399 | D:2      | Noticed a fire elemental
  2399 | D:2      | Noticed a water elemental
  2399 | D:2      | Noticed an air elemental
  2589 | D:3      | Reached skill level 6 in Spellcasting
  2951 | D:3      | Killed from afar by an orc wizard

Skill      XL: |  1  2  3  4 |
---------------+-------------+-----
Spellcasting   | 3 4 5 6 |  6.0
Short Blades   | |  1.1
Dodging        | |  3.0
Stealth        | |  4.4
Hexes          | |  3.7
Ice Magic      | |  0.5

Action                   |  1- 3 |  4- 6 || total
-------------------------+-------+-------++-------
Melee: Dagger            |   119 |    90 ||   209
 Cast: Ensorcelled Hiber |    11 |    22 ||    33
       Confuse           |       |     1 ||     1
       Corona            |       |     1 ||     1
 Stab: Sleeping          |    14 |     9 ||    23
       Distracted        |       |     1 ||     1
Armor: Robe              |    13 |     9 ||    22
Dodge: Dodged            |    97 |    78 ||   175
